 Dungeon Crawl Stone Soup version 0.25-a0-647-gd602d06ee1 (webtiles) character file.

Game seed: 11604064050777130653, levelgen mode: deterministic

3641 Amnesiac the Covert (level 9, 0/75 HPs)
             Began as a Deep Dwarf Enchanter on Mar 21, 2020.
             Was an Elder of Makhleb.
             Slain by a hog (1 damage)
             ... on level 8 of the Dungeon.
             The game lasted 00:23:16 (7300 turns).

Amnesiac the Covert (Deep Dwarf Enchanter)          Turns: 7300, Time: 00:23:16

Health: 0/75       AC:  8    Str: 13    XL:     9   Next: 88%
Magic:  12/12      EV: 14    Int: 15    God:    Makhleb [****..]
Gold:   298        SH:  0    Dex: 14    Spells: 5/12 levels left

rFire    . . .     SeeInvis .   a - +0 dagger (drain)
rCold    . . .     Gourm    .   (no shield)
rNeg     . . .     Faith    .   n - +0 ring mail
rPois    .         Spirit   .   m - +0 helmet
rElec    .         Reflect  .   v - +0 cloak
rCorr    .         Harm     .   h - +0 pair of gloves
MR       +....                  (no boots)
Stlth    ++++......             (no amulet)
HPRegen  0.00/turn              (no ring)
MPRegen  0.13/turn              (no ring)

@: non-regenerating
A: damage resistance, heal wounds, talons 1, dopey 1, sense surroundings 2, wild
magic 1, MP-powered wands, no regeneration
a: Heal Wounds, Minor Destruction, Lesser Servant of Makhleb, Major Destruction,
Renounce Religion


You were on level 8 of the Dungeon.
You worshipped Makhleb.
Makhleb was greatly pleased with you.
You were not hungry.

You visited 1 branch of the dungeon, and saw 8 of its levels.

You collected 438 gold pieces.
You spent 140 gold pieces at shops.

Inventory:

Hand Weapons
 a - a +0 dagger of draining (weapon)
Missiles
 g - 26 poisoned darts (quivered)
Armour
 h - a +0 pair of gloves (worn)
 m - a +0 helmet (worn)
 n - a +0 ring mail (worn)
 v - a +0 cloak (worn)
 B - a scarf of spirit shield
Scrolls
 b - 3 scrolls of enchant weapon {!r, unknown}
 e - 3 scrolls of teleportation {!r}
 f - 3 scrolls of fear {!r, unknown}
 k - 2 scrolls of magic mapping {!r, unknown}
 l - 7 scrolls of identify {!r}
 r - a scroll of amnesia {!r, unknown}
 w - 2 scrolls of immolation {!r, unknown}
 y - 3 scrolls of remove curse {!r}
Potions
 c - 2 potions of flight {!q, unknown}
 i - a potion of degeneration {!q, unknown}
 j - 2 potions of curing {!q}
 o - 2 potions of berserk rage {!q, unknown}
 p - 4 potions of resistance {!q, unknown}
 q - a potion of invisibility {!q, unknown}
 s - 2 potions of ambrosia {!q, unknown}
 t - 2 potions of cancellation {!q, unknown}
 u - 2 potions of haste {!q}
 x - 2 potions of lignification {!q}
 z - a potion of brilliance {!q, unknown}
Comestibles
 d - 14 rations
 A - 19 chunks of flesh


   Skills:
 - Level 3.1 Fighting
 + Level 9.1 Short Blades
 * Level 7.1 Dodging
 + Level 9.7 Stealth
 - Level 2.2 Spellcasting
 - Level 2.4 Hexes
 + Level 1.5 Invocations


You had 5 spell levels left.
You knew the following spells:

 Your Spells              Type           Power        Failure   Level  Hunger
a - Corona                Hex            ##.....      26%         1    #......
w - Tukima's Dance        Hex            ##......     56%         3    ###....
z - Confusing Touch       Hex            ##......     56%         3    ###....

Your spell library contained the following spells:

 Spells                   Type           Power        Failure   Level  Hunger
 Ensorcelled Hibernation  Hex/Ice        #.....       50%         2    ###....
 Summon Small Mammal      Summ           #...         52%         1    #......
 Call Imp                 Summ           #.......     67%         2    ###....
 Dazzling Flash           Conj/Hex       #.....       73%         3    ###....
 Summon Guardian Golem    Hex/Summ       #.......     73%         3    ###....
 Call Canine Familiar     Summ           #.......     87%         3    ###....
 Summon Ice Beast         Ice/Summ       #.......     99%         4    #####..
 Summon Lightning Spire   Summ/Air       #.......     99%         4    #####..


Dungeon Overview and Level Annotations

Branches:
Dungeon (8/15)             Temple (0/1) D:6
   Lair: D:8-11

Altars:
Ashenzari
Gozag
Kikubaaqudgha
Makhleb
Sif Muna

Shops:
D:5 !   D:8 *


Innate Abilities, Weirdness & Mutations

You are resistant to damage.
You can heal yourself by infusing magical energy.
You passively map the area around you.
You do not regenerate.
You have sharp toenails.
You are dopey. (Int -2)
Your spells are a little harder to cast, but a little more powerful.
You expend magic power (3 MP) to strengthen your wands.


Message History

Press: ? - help, Shift-Dir - straight line, f - you That would be overly suicidal.
Okay, then.
Press: ? - help, Shift-Dir - straight line, f - you That would be overly suicidal.
Okay, then.
Press: ? - help, Shift-Dir - straight line, f - you That would be overly suicidal.
Okay, then.
Press: ? - help, Shift-Dir - straight line, f - you That would be overly suicidal.
Okay, then.
Press: ? - help, Shift-Dir - straight line, f - you That would be overly suicidal.
Okay, then.
Press: ? - help, Shift-Dir - straight line, f - you That would be overly suicidal.
Okay, then.
Press: ? - help, Shift-Dir - straight line, f - you That would be overly suicidal.
Okay, then.
Press: ? - help, Shift-Dir - straight line, f - you That would be overly suicidal.
Okay, then.
A hog is nearby!
Throwing (i - inventory)
g - 27 poisoned darts (quivered)
Press: ? - help, Shift-Dir - straight line, f - hog
Aim: a hog (hasn't noticed you)
You throw a poisoned dart. The poisoned dart hits the hog.
The hog is poisoned.
The hog squeals angrily.
Press: ? - help, Shift-Dir - straight line, f/p - hog
Aim: a hog (poisoned)
The puff of flame hits the hog.
The hog is lightly wounded.
A yak comes into view.
Press: ? - help, Shift-Dir - straight line, f/p - hog
Aim: a hog (lightly wounded, poisoned)
The puff of flame misses the hog.
Press: ? - help, Shift-Dir - straight line, f/p - hog
Aim: a hog (lightly wounded, poisoned)
The hog resists with some effort.
Some of the chunks of flesh in your inventory have rotted away.
The hog closely misses you.
Press: ? - help, Shift-Dir - straight line, f/p - hog
Aim: a hog (moderately wounded, poisoned)
You fail to use your ability.
The hog looks more healthy.
The hog barely misses you.
Press: ? - help, Shift-Dir - straight line, f/p - hog
Aim: a hog (moderately wounded)
The stone arrow hits the hog!
The hog is heavily wounded.
The hog bites you.
* * * LOW HITPOINT WARNING * * *
Press: ? - help, Shift-Dir - straight line, f/p - hog
Aim: a hog (heavily wounded)
The zap hits the hog.
The hog is severely wounded.
The hog barely misses you.
Press: ? - help, Shift-Dir - straight line, f/p - hog
Aim: a hog (severely wounded)
The zap hits the hog.
The hog is severely wounded.
The hog bites you.
You die...

#.##......#.## * , +*
#.##.#......######### ,,
#...........#.......# # ,
.#####.##.#...#.......#.. ,
.#............'.).....'(. *,
.......#.#....#.......###
##.........##.#.......... **
...>..........'.........., ,,
###....###.####.@h......., *
#.##.# #.#)....######## #.##.#
#.#.##.....####* , ,,
#.##'###.#.##.###...., , *
#.#...##<#.##.# #..., ,
##.#...####.##.# #.., , , ,,.
#..)).....#.##.# #.####+#+## ..
#.........#)##<###.#....#..##...
#..........)...........(........


You could see a hog.

Vanquished Creatures
  A cyclops (D:6)
  A human (D:8)
  2 hungry ghosts
  3 sky beasts
  A phantom (D:5)
  2 orc warriors
  A black bear (D:7)
  An ogre (D:8)
  A centaur (D:5)
  2 bullfrogs
  2 gnoll sergeants
  2 scorpions
  A water moccasin skeleton (D:6)
  3 killer bees (D:8)
  2 howler monkeys
  2 crimson imps
  A centaur zombie (D:8)
  A quasit (D:5)
  A bullfrog zombie (D:7)
  A bullfrog skeleton (D:4)
  3 hounds
  4 orc priests
  A gnoll shaman (D:8)
  6 orc wizards
  Ijyb (D:5)
  4 iguanas
  9 worker ants
  2 hound zombies
  A hound skeleton (D:7)
  A worker ant zombie (D:5)
  15 gnolls
  13 adders
  An ooze (D:7)
  2 adder zombies
  6 worms
  2 dart slugs (D:1)
  6 leopard geckos
  31 orcs
  3 ball pythons
  4 giant cockroaches
  7 goblins
  7 hobgoblins
  18 jackals
  5 quokkas
  7 bats
  8 frilled lizards
  2 kobolds
  A leopard gecko skeleton (D:7)
  11 rats
212 creatures vanquished.

Notes
Turn   | Place    | Note
-------+----------+-------------------------------------------
     0 | D:1      | Amnesiac the Deep Dwarf Enchanter began the quest for the
                  | Orb.
     0 | D:1      | Reached XP level 1. HP: 15/15 MP: 3/3
    27 | D:1      | Reached skill level 1 in Short Blades
   145 | D:1      | Reached XP level 2. HP: 22/22 MP: 4/4
   970 | D:1      | Reached XP level 3. HP: 12/28 MP: 5/5
  1424 | D:2      | Found an ancient bone altar of Kikubaaqudgha.
  1436 | D:2      | Reached XP level 4. HP: 16/36 MP: 6/6
  1767 | D:3      | Found a burning altar of Makhleb.
  1777 | D:3      | Became a worshipper of Makhleb the Destroyer
  1958 | D:3      | Gained mutation: You expend magic power (3 MP) to
                  | strengthen your wands. [potion of mutation]
  1958 | D:3      | Gained mutation: Your spells are a little harder to cast,
                  | but a little more powerful. [potion of mutation]
  1958 | D:3      | Gained mutation: You are dopey. (Int -2) [potion of
                  | mutation]
  1958 | D:3      | Gained mutation: You have sharp toenails. [potion of
                  | mutation]
  1975 | D:3      | Reached XP level 5. HP: 42/42 MP: 7/7
  2398 | D:4      | Reached * piety under Makhleb
  2398 | D:4      | Reached skill level 5 in Short Blades
  2398 | D:4      | Reached skill level 5 in Stealth
  2398 | D:4      | Reached XP level 6. HP: 13/49 MP: 8/8
  2796 | D:3      | HP: 1/49 [orc wizard/puff of flame (6)]
  3135 | D:4      | Reached ** piety under Makhleb
  3196 | D:4      | Reached XP level 7. HP: 27/55 MP: 9/9
  3405 | D:5      | Entered Level 5 of the Dungeon
  3640 | D:5      | Found Vevihaes's Distillery.
  3651 | D:5      | Bought a potion of haste for 140 gold pieces
  3719 | D:5      | Learned a level 3 spell: Confusing Touch
  3723 | D:5      | Learned a level 3 spell: Tukima's Dance
  3895 | D:5      | Noticed Ijyb
  4020 | D:5      | Killed Ijyb
  4342 | D:5      | Reached XP level 8. HP: 17/62 MP: 1/10
  4593 | D:5      | HP: 2/62 [ball python (1)]
  4926 | D:6      | Noticed a cyclops
  5018 | D:6      | Killed a cyclops
  5115 | D:6      | Found a shattered altar of Ashenzari.
  5296 | D:6      | Reached skill level 1 in Fighting
  5339 | D:6      | Reached *** piety under Makhleb
  5378 | D:6      | Found a staircase to the Ecumenical Temple.
  5563 | D:7      | Paralysed by fainting for 5 turns
  5586 | D:7      | Gained mutation: You passively map the area around you.
                  | [Deep Dwarf growth]
  5586 | D:7      | Reached XP level 9. HP: 75/75 MP: 12/12
  6548 | D:6      | Reached skill level 5 in Dodging
  6724 | D:8      | Found Nuqeibi's Changing Room.
  6754 | D:8      | Reached **** piety under Makhleb
  7002 | D:8      | Found a shimmering blue altar of Sif Muna.
  7009 | D:8      | Found an opulent altar of Gozag.
  7257 | D:8      | Reached skill level 1 in Invocations
  7298 | D:8      | HP: 3/75 [hog (3)]
  7300 | D:8      | Slain by a hog

Levels and vault maps discovered:
D:1:      dpeg_arrival_tiny_f, layout_basic
D:2:      layout_basic, kiku_gazebo_garden_becter, first_ration
D:3:      layout_basic, overflow_temple_1_default, roderic_lattice_a
D:4:      layout_rooms, palyth_stone_intersect
D:5:      kennysheep_spiral_hall, layout_gridville, serial_shops, shop,
          uniq_ijyb
D:6:      layout_basic, minmay_temple_entry_overgrown, hangedman_decor_lopped,
          nicolae_ashenzari_panopticon
D:7:      layout_basic
D:8:      layout_basic, amethyst_overflow_temple_binary, grunt_livestock,
          chequers_serial_rivers_room_a, nicolae_transmutations_shop

Skill      XL: |  1  2  3  4  5  6  7  8  9 |
---------------+----------------------------+-----
Short Blades   | 1 2 3 4 5 7 8 9 |  9.1
Stealth        | 4 5 7 8 9 |  9.7
Fighting       | 3 |  3.1
Spellcasting   | 2 |  2.2
Dodging        | 3 7 |  7.1
Invocations    | 1 |  1.5
Hexes          | |  2.4

Action                   |  1- 3 |  4- 6 |  7- 9 || total
-------------------------+-------+-------+-------++-------
Melee: Dagger            |   208 |   305 |   698 ||  1211
       Unarmed           |       |     9 |       ||     9
       Kick              |       |    45 |   199 ||   244
Throw: Dart              |       |       |    25 ||    25
 Cast: Confusing Touch   |       |       |     2 ||     2
Invok: Minor Destruction |       |       |    65 ||    65
 Abil: Heal Wounds       |     1 |       |     5 ||     6
Evoke: Wand              |       |       |    16 ||    16
  Use: Scroll            |       |     5 |       ||     5
       Potion            |       |     7 |       ||     7
 Stab: Sleeping          |     3 |    13 |    12 ||    28
       Distracted        |     2 |       |     1 ||     3
       Confused          |       |       |     1 ||     1
  Eat: Chunk             |     2 |     6 |    17 ||    25
       Ration            |       |       |     1 ||     1
Armor: Robe              |    31 |     8 |       ||    39
       Skin              |       |    17 |       ||    17
       Ring mail         |       |    64 |   212 ||   276
Dodge: Dodged            |   114 |   116 |   350 ||   580

Table legend:
 A = Non-vault XP
 B = Vault XP
 C = Vault XP percentage of total XP
 D = Non-vault monster count
 E = Vault monster count
 F = Vault count percentage of total count
                 A         B        C        D         E       F
            +---------+---------+-------+---------+---------+-------
      Total |    4912 |     290 |   5.6 |     206 |       6 |   2.8
            +---------+---------+-------+---------+---------+-------
        D:1 |      42 |       0 |   0.0 |      22 |       0 |   0.0
        D:2 |      81 |       0 |   0.0 |      19 |       0 |   0.0
        D:3 |     231 |       0 |   0.0 |      35 |       0 |   0.0
        D:4 |     469 |       0 |   0.0 |      33 |       0 |   0.0
        D:5 |     738 |      76 |   9.3 |      21 |       5 |  19.2
        D:6 |    1100 |       0 |   0.0 |      17 |       0 |   0.0
        D:7 |     858 |       0 |   0.0 |      29 |       0 |   0.0
        D:8 |    1393 |     214 |  13.3 |      30 |       1 |   3.2
            +---------+---------+-------+---------+---------+-------
